[Event "*** Titled Tuesday Blitz"]
[Site "Chess.com"]
[Date "2020.12.01"]
[Round "6"]
[White "PavelShkapenko"]
[Black "gross-aleks"]
[Result "0-1"]
[WhiteElo "2685"]
[BlackElo "2542"]
[TimeControl "180+1"]
[EndTime "11:04:10 PST"]
[Termination "gross-aleks won by resignation"]

1. e4 c5 2. c3 Nf6 3. e5 Nd5 4. d4 cxd4 5. cxd4 d6 6. Nf3 Nc6 7. Bc4 e6 8. O-O Nb6 9. Bb3 d5 10. Bg5 Be7 11. Bxe7 Qxe7 12. Nc3 a6 13. Rc1 Bd7 14.
Bc2 O-O-O 15. Na4 Nxa4 16. Bxa4 Kb8 17. Re1 Rc8 18. Re3 Na5 19. Bb3 Rxc1 20. Qxc1 Rc8 21. Rc3 Nxb3 22. axb3 Qb4 23. h4 h6 24. Rxc8+ Bxc8 25. Qc3 Qe7 26. b4 Qc7 27. g3 Qxc3 28. bxc3 Kc7 29. Kf1 Kc6 30. Ke1 Kb5 31. Kd2 Ka4 32. Kc2 Ka3 33. Nd2 Bd7 34. Nb1+ Ka2 35. Nd2 Ba4+ 36.
Kd3 Ka3 37. Nf3 Kb2 38. Kd2 Bc2 39. Ne1 Bb1 40. Ng2 b6 41. Ne3 a5 42. Nd1+ Kb3 43. bxa5 bxa5 44. Kc1 Bh7 45. Nb2 a4 46. Nxa4 Kxa4 47.
Kd2 Kb3 48. f3 Kc4 49. g4 Bb1 50. Kc1 Kxc3 51. Kxb1 Kxd4 52. Kc2 Kxe5 53. Kd3 Kf4 54. Ke2 0-1

[Event "*** Titled Tuesday Blitz"]
[Site "Chess.com"]
[Date "2020.12.01"]
[Round "6"]
[White "vladimirdamjanovic"]
[Black "bylavochka"]
[Result "1-0"]
[WhiteElo "2457"]
[BlackElo "2216"]
[TimeControl "180+1"]
[EndTime "11:04:10 PST"]
[Termination "vladimirdamjanovic won on time"]

1. e4 c5 2. Nf3 d6 3. Bb5+ Bd7 4. c4 a6 5. Bxd7+ Qxd7 6. Nc3 Nc6 7. O-O e6 8. d4 cxd4 9. Nxd4 Nge7 10. Be3 g6 11. Nxc6 Nxc6 12. Na4 Qd8 13. Qb3 Rb8 14.
Bb6 Qd7 15. Rad1 Bg7 16. Bc5 Bf8 17. Ba3 Qc7 18. c5 dxc5 19. Bxc5 Bxc5 20. Nxc5 O-O 21. Rd7 Qe5 22. Rc1 Na5 23. Qb6 Nc6 24. Rxb7 Rxb7 25. Qxb7 1-0

[Event "*** Titled Tuesday Blitz"]
[Site "Chess.com"]
[Date "2020.12.01"]
[Round "6"]
[White "Smile2005"]
[Black "Qvalda"]
[Result "1-0"]
[WhiteElo "2332"]
[BlackElo "2428"]
[TimeControl "180+1"]
[EndTime "11:04:11 PST"]
[Termination "Smile2005 won by resignation"]

1. Nf3 d5 2. g3 Nf6 3. Bg2 Bf5 4. O-O e6 5. d4 h6 6. c4 c6 7. Nc3 Nbd7 8. Nd2 Be7 9. e4 dxe4 10. Ndxe4 Nxe4 11. Nxe4 O-O 12. b3 Nf6 13. Nc3 Bb4 14. Bb2 Qe7 15.
a3 Ba5 16. b4 Bb6 17. Na4 Bc7 18. Nc5 Rab8 19. Qa4 a6 20. Rad1 Rfd8 21. Rfe1 Bd6 22. Qb3 a5 23. Bc3 axb4 24. axb4 Qf8 25. Ra1 Nd7 26.
Ne4 Bxe4 27. Bxe4 Nf6 28. Bg2 b5 29. c5 Be7 30. Bxc6 Nd5 31. Bxd5 Rxd5 32. Ra7 Bf6 33. Qb2 Qd8 34. Re4 Ra8 35. Qa2 Rxa7 36. Qxa7 e5 37. c6 Rxd4 38. Bxd4 exd4 39. Qd7 Qa8 40. Re8+ 1-0

[Event "*** Titled Tuesday Blitz"]
[Site "Chess.com"]
[Date "2020.12.01"]
[Round "6"]
[White "ajedrezsinlimites"]
[Black "Paladin61"]
[Result "1-0"]
[WhiteElo "2526"]
[BlackElo "2670"]
[TimeControl "180+1"]
[EndTime "11:04:12 PST"]
[Termination "ajedrezsinlimites won on time"]

1. e4 c5 2. Nf3 d6 3. d4 cxd4 4. Nxd4 Nf6 5. Nc3 a6 6. Be2 e5 7. Nb3 Be7 8. Be3 Be6 9. Nd5 Nxd5 10. exd5 Bf5 11. Qd2 O-O 12. Na5 Qc7 13. c4 Nd7 14. b4 Nf6 15. f3 Bd7 16. O-O b6 17. Nb3 a5 18. a3 a4 19. Nc1 Rac8 20. Na2 Qb7 21.
Nc3 Nh5 22. Rac1 Rfd8 23. Rfd1 Be8 24. Bf1 Kh8 25. Qf2 Rb8 26. Nb5 f5 27. Qc2 Bg6 28.
Qxa4 Ra8 29. Qb3 f4 30. Bf2 e4 31. fxe4 Bxe4 32. Bd3 Nf6 33. Bd4 Bxd3 34. Qxd3 Ng4 35.
Re1 Bg5 36. Qf5 Bh6 37. Qxg4 f3 38. Rc2 fxg2 39. Rxg2 Rf8 40. Qe6 Bf4 41. Bxg7+ Qxg7 42. Rxg7 Kxg7 43. Qd7+ Kh8 44. Re7 1-0

[Event "*** Titled Tuesday Blitz"]
[Site "Chess.com"]
[Date "2020.12.01"]
[Round "6"]
[White "Kavyev_Ruslan"]
[Black "Trickov"]
[Result "1-0"]
[WhiteElo "2512"]
[BlackElo "2341"]
[TimeControl "180+1"]
[EndTime "11:04:13 PST"]
[Termination "Kavyev_Ruslan won on time"]

1. e4 c5 2. Nf3 d6 3. d4 Nf6 4.
Nc3 cxd4 5. Nxd4 a6 6. Bc4 e6 7. O-O b5 8. Bb3 b4 9. Na4 Bd7 10. f4 Nc6 11. f5 e5 12. Nxc6 Bxc6 13. c3 Bxe4 14. cxb4 Be7 15. Nc3 Bc6 16. Bg5 Qb6+ 17. Kh1 Qxb4 18. Bxf6 Bxf6 19. Bd5 Rc8 20. Bxc6+ Rxc6 21. Nd5 Qb7 22. Qa4 Qb5 23. Qe4 Qc4 24. Qf3 O-O 25.
b3 Qc2 26. Nb4 e4 27. Qg4 Qc5 28. Nxc6 Bxa1 29. Ne7+ Kh8 30. f6 Bxf6 31. Nf5 Qe5 32. Ng3 d5 33. Nh5 d4 34. Rf5 Qe6 35. Nxf6 gxf6 36.
Qf4 e3 37. Rxf6 e2 38. Rxe6 1-0

[Event "*** Titled Tuesday Blitz"]
[Site "Chess.com"]
[Date "2020.12.01"]
[Round "6"]
[White "ftorodent"]
[Black "nubair1198"]
[Result "0-1"]
[WhiteElo "2630"]
[BlackElo "2820"]
[TimeControl "180+1"]
[EndTime "11:04:14 PST"]
[Termination "nubair1198 won by resignation"]

1. d4 Nf6 2. c4 g6 3. Nc3 Bg7 4. e4 d6 5. Nf3 O-O 6. Be2 Na6 7. O-O e5 8. Be3 c6 9. d5 Ng4 10. Bg5 f6 11. Bc1 c5 12. Ne1 h5 13. Nd3 f5 14. f3 Nh6 15. exf5 gxf5 16. f4 e4 17. Ne1 Bd4+ 18. Kh1 Ng4 19. Nc2 Nf2+ 20. Rxf2 Bxf2 21.
Bxh5 Qh4 22. Ne3 Rf6 23. Nf1 Rh6 24. Be2 Bd7 25. Bd2 Kg7 26. Be1 Rah8 27. h3 Qxf4 28. Bxf2 Qxf2 29. Nh2 Rg6 30. Bf1 Rxh3 31. Qe2 Qg3 0-1

[Event "*** Titled Tuesday Blitz"]
[Site "Chess.com"]
[Date "2020.12.01"]
[Round "6"]
[White "Keures"]
[Black "Chessdreamer2020"]
[Result "1/2-1/2"]
[WhiteElo "2259"]
[BlackElo "2530"]
[TimeControl "180+1"]
[EndTime "11:04:14 PST"]
[Termination "Game drawn by stalemate"]

1. d4 d6 2. c4 e5 3. dxe5 dxe5 4. Qxd8+ Kxd8 5. g3 c6 6. Bh3 Nd7 7. Nf3 f6 8. O-O Kc7 9. b3 Nh6 10. Ba3 Bxa3 11. Nxa3 Nc5 12. Bxc8 Raxc8 13. Rfd1 Rcd8 14. Kf1 Ne4 15. h3 Nf5 16. Rac1 Rxd1+ 17. Rxd1 Nc3 18. Rd2 Rd8 19. Ke1 Rxd2 20. Kxd2 Nxa2 21. Nc2 a5 22.
Nfe1 Nb4 23. Nxb4 axb4 24. Nd3 Nd4 25. Nc1 Kd6 26. e3 Nf3+ 27. Ke2 Ng1+ 28. Kd2 Nxh3 29. f4 exf4 30. exf4 g5 31. Nd3 gxf4 32. gxf4 c5 33. Ke3 b6 34. Kf3 Ke6 35. Kg2 Nxf4+ 36. Nxf4+ Ke5 37. Kf3 Kd4 38. Nd5 b5 39. Ke2 bxc4 40.
bxc4 Kxc4 41. Nxf6 h6 42. Kd2 Kd4 43. Nh5 c4 44.
Nf4 Ke4 45. Ne2 h5 46. Ng3+ Kd4 47. Nxh5 c3+ 48. Kc2 Kc4 49. Nf4 b3+ 50. Kc1 Kd4 51. Ne2+ Kd3 52. Nf4+ Ke3 53. Nd5+ Kd4 54. Nf4 Kc5 55.
Ne2 Kb4 56. Kb1 Kc4 57. Nxc3 Kxc3 58. Kc1 Kc4 59. Kb2 Kb4 60. Kb1 Ka4 61. Kb2 Kb4 62. Kb1 Kc3 63. Kc1 Kd3 64. Kb2 Kc4 65. Kb1 Kb4 66. Kb2 Ka4 67. Kb1 Ka3 68. Ka1 b2+ 69. Kb1 Kb3 1/2-1/2

[Event "*** Titled Tuesday Blitz"]
[Site "Chess.com"]
[Date "2020.12.01"]
[Round "6"]
[White "Roza_Idrisova"]
[Black "SlovenskiZmaj"]
[Result "0-1"]
[WhiteElo "2184"]
[BlackElo "2450"]
[TimeControl "180+1"]
[EndTime "11:04:14 PST"]
[Termination "SlovenskiZmaj won by resignation"]

1. d4 Nf6 2. Nf3 e6 3. Bg5 d5 4. e3 c5 5. c3 Nc6 6. Nbd2 Qc7 7. Bd3 b6 8. O-O Be7 9. Qe2 O-O 10. dxc5 bxc5 11. e4 h6 12. exd5 exd5 13. Bh4 Be6 14. Bg3 Bd6 15. Bxd6 Qxd6 16. Rfe1 Rab8 17. b3 Rfd8 18.
Ne5 Nxe5 19. Qxe5 Qxe5 20. Rxe5 a5 21. Nf3 Nd7 22. Ree1 Nb6 23. h3 a4 24. Ne5 Rbc8 25.
Ba6 Rc7 26. Bb5 Ra8 27. b4 d4 28. cxd4 cxb4 29. Bc6 Rd8 30. Rad1 Bxa2 31. d5 Bxd5 32. Bxd5 Rxd5 33. Rxd5 Nxd5 34. Nd3 Rc3 35. Re8+ Kh7 36. Ne1 b3 37. Rb8 a3 38. Kf1 a2 39. Ra8 Rc1 40.
Ke2 Rxe1+ 41. Kxe1 b2 0-1

[Event "*** Titled Tuesday Blitz"]
[Site "Chess.com"]
[Date "2020.12.01"]
[Round "6"]
[White "MoreChessJulia"]
[Black "HrvojeZagreb"]
[Result "1-0"]
[WhiteElo "2115"]
[BlackElo "2231"]
[TimeControl "180+1"]
[EndTime "11:04:18 PST"]
[Termination "MoreChessJulia won by resignation"]

1. d4 e6 2. c4 f5 3. g3 Nf6 4. Bg2 Be7 5. Nf3 O-O 6. O-O d6 7. b3 Ne4 8. Bb2 Bf6 9. Nbd2 Nxd2 10. Qxd2 Qe8 11. Rae1 e5 12. d5 a5 13. h3 Qh5 14.
Kh2 Nd7 15. e4 fxe4 16. Rxe4 Nc5 17. Re3 Bg5 18. Nxg5 Qxg5 19. Bc1 Bd7 20. Rf3 Rxf3 21. Qxg5 Rf7 22. Be3 h6 23. Qh5 Nd3 24. Be4 Be8 25. Qe2 Nb4 26. a3 Na6 27. Bg6 Rf6 28. Bxe8 Rxe8 29. Bd2 b6 30. b4 axb4 31. axb4 Ref8 32.
f4 g5 33. f5 Rxf5 34. Rxf5 Rxf5 35. c5 Nb8 36. Kg2 bxc5 37. Qb5 Rf8 38. bxc5 Kg7 39. c6 Re8 40. Qb7 Kg8 41. Qxc7 Na6 42. Qxd6 Kh7 43. Qd7+ Kg8 1-0

[Event "*** Titled Tuesday Blitz"]
[Site "Chess.com"]
[Date "2020.12.01"]
[Round "6"]
[White "LuckSlayeer"]
[Black "AlexTriapishko"]
[Result "0-1"]
[WhiteElo "2590"]
[BlackElo "2806"]
[TimeControl "180+1"]
[EndTime "11:04:19 PST"]
[Termination "AlexTriapishko won by resignation"]

1. Nf3 Nf6 2. c4 g6 3. Nc3 Bg7 4. e4 O-O 5. d4 d6 6. Be2 Bg4 7. Be3 Nfd7 8. Ng1 Bxe2 9. Ngxe2 c5 10. O-O cxd4 11. Bxd4 Nc6 12. Bxg7 Kxg7 13. b3 Rc8 14. Nd5 e6 15. Ne3 Nf6 16. Nc3 a6 17. Rc1 Qe7 18. Ng4 Rfd8 19. Nxf6 Qxf6 20. Qe2 g5 21. Rfd1 Ne5 22. Qe3 Rc6 23. Rd2 b5 24. cxb5 axb5 25. Rcd1 Ng4 26. e5 dxe5 27. Qg3 Rxd2 28. Rxd2 e4 29.
Qxg4 Rxc3 30. Rd1 Qf4 31. Qe2 e3 32. fxe3 Qxe3+ 33. Qxe3 Rxe3 34. Kf2 Rc3 35. Rd2 h5 36. Rb2 b4 37. Ke2 f5 38. Kd2 Rc6 39. Kd3 Kf6 40.
Re2 e5 0-1

[Event "*** Titled Tuesday Blitz"]
[Site "Chess.com"]
[Date "2020.12.01"]
[Round "6"]
[White "yonaltimur"]
[Black "HanSchut"]
[Result "1-0"]
[WhiteElo "1832"]
[BlackElo "2187"]
[TimeControl "180+1"]
[EndTime "11:04:19 PST"]
[Termination "yonaltimur won on time"]

1. e4 c5 2. Nf3 d6 3. d4 cxd4 4. Qxd4 Nc6 5. Bb5 Bd7 6. Bxc6 Bxc6 7. Nc3 e5 8. Qd3 h6 9. Be3 Nf6 10. h3 Be7 11. O-O-O O-O 12. Kb1 b5 13. Nd2 b4 14.
Nd5 Bxd5 15. exd5 a5 16. Ne4 Nxe4 17. Qxe4 f5 18. Qd3 Bf6 19. f3 a4 20. g4 e4 21. fxe4 fxe4 22. Qxe4 Re8 23. Qd3 Qa5 24. Bd4 Bxd4 25. Qxd4 Re5 26. Rhf1 Rae8 27. Qf4 Qc5 28. h4 a3 29. g5 Re2 30. Qf5 Qc8 31. Qf7+ Kh8 32. Qg6 1-0

[Event "*** Titled Tuesday Blitz"]
[Site "Chess.com"]
[Date "2020.12.01"]
[Round "6"]
[White "Hikaru"]
[Black "vanea_03"]
[Result "1-0"]
[WhiteElo "3185"]
[BlackElo "2730"]
[TimeControl "180+1"]
[EndTime "11:04:20 PST"]
[Termination "Hikaru won by resignation"]

1. Nf3 d5 2. e3 Nf6 3. b3 e6 4.
Bb2 Bd6 5. c4 b6 6. Nc3 Bb7 7.
Qc2 a6 8. cxd5 exd5 9. d4 O-O 10. Bd3 Re8 11. Ne5 Nbd7 12. f4 c5 13. Bf5 cxd4 14. exd4 Nf8 15. O-O Ne6 16. Rad1 Rc8 17. Qb1 Bb4 18. Ne2 a5 19. a3 Bf8 20. Ng3 Ba6 21.
Rfe1 Rc7 22. Bc1 g6 23. Bxe6 Rxe6 24. f5 Re8 25. Bg5 Qd6 26. fxg6 hxg6 27. Nxg6 Rxe1+ 28. Rxe1 fxg6 29. Qxg6+ Rg7 30. Qxf6 Qxf6 31. Bxf6 Rf7 32. Re6 Bxa3 33. Rxb6 Bd3 34. h4 Bb4 35. Be5 Bc2 36.
Nh5 Kh7 37. Nf6+ Kg6 38. Nxd5+ Kh5 39. Nxb4 axb4 40. Rxb4 Kxh4 41. Rb8 Bd3 42. b4 Rf1+ 43. Kh2 Rb1 44. d5 Be4 45. d6 Rd1 46. Rf8 Kg5 47.
b5 Kg6 48. b6 Rd2 49. Rf6+ Kh7 50. Kg3 Bxg2 51. Rf2 1-0

[Event "*** Titled Tuesday Blitz"]
[Site "Chess.com"]
[Date "2020.12.01"]
[Round "6"]
[White "maxip32"]
[Black "LPSupi"]
[Result "0-1"]
[WhiteElo "2503"]
[BlackElo "2888"]
[TimeControl "180+1"]
[EndTime "11:04:20 PST"]
[Termination "LPSupi won by resignation"]

1. e4 c5 2. Nf3 d6 3. d4 cxd4 4. Nxd4 Nf6 5. Nc3 a6 6. Be2 e5 7. Nb3 Be7 8. Be3 Be6 9. Qd3 O-O 10. Nd5 Nbd7 11. O-O Bxd5 12. exd5 b6 13. c4 a5 14. Rac1 Nc5 15. Qc2 Nfd7 16. Qd2 a4 17. Na1 f5 18. f3 f4 19. Bf2 e4 20. Bd4 e3 21. Qc3 Bf6 22.
Nc2 Be5 23. b4 axb3 24. axb3 Qh4 25. b4 Na4 26. Qe1 Qf6 27. Bxe5 Nxe5 28. Nd4 Nd3 29.
Bxd3 Qxd4 30. Be2 Qe5 31. Bd3 Nb2 32. Be2 Ra2 33. Qc3 Qxc3 34. Rxc3 Na4 0-1

[Event "*** Titled Tuesday Blitz"]
[Site "Chess.com"]
[Date "2020.12.01"]
[Round "6"]
[White "sergeikim"]
[Black "picturesquecheck"]
[Result "1-0"]
[WhiteElo "2527"]
[BlackElo "2168"]
[TimeControl "180+1"]
[EndTime "11:04:21 PST"]
[Termination "sergeikim won by resignation"]

1. d4 Nf6 2. c4 e6 3. Nc3 d5 4. Nf3 dxc4 5. e3 a6 6. a4 c5 7.
Bxc4 Nc6 8. O-O Be7 9. Qe2 O-O 10.
Rd1 cxd4 11. exd4 Nd5 12. Ne5 Bf6 13. Rd3 Nxc3 14. bxc3 Qc7 15. Ng4 Be7 16. Rg3 Kh8 17. Bd3 Bd7 18. Rh3 f5 19. Ne3 Bf6 20. Qh5 h6 21. Ba3 Ne7 22. Rc1 Be8 23. Qe2 Bxa4 24. Nc4 Bb5 25. Qxe6 Rae8 26. Nd6 Bxd3 27. Nxe8 Qf4 28.
Nxf6 Rxf6 29. Qxe7 Be4 30. Rg3 1-0

[Event "*** Titled Tuesday Blitz"]
[Site "Chess.com"]
[Date "2020.12.01"]
[Round "6"]
[White "azikom"]
[Black "Infernal_XaM"]
[Result "1/2-1/2"]
[WhiteElo "2634"]
[BlackElo "2829"]
[TimeControl "180+1"]
[EndTime "11:04:22 PST"]
[Termination "Game drawn by repetition"]

1. d4 Nf6 2. Nf3 c5 3. e3 g6 4. dxc5 Bg7 5. Nbd2 Qa5 6. a3 Qxc5 7. b4 Qc7 8. Bb2 O-O 9. c4 d6 10. Be2 Nbd7 11. O-O b6 12. h3 Bb7 13. Qb3 Rac8 14. Rfc1 Qb8 15. Bf1 Rfd8 16. Nd4 e5 17. Nb5 a6 18.
Nc3 Nf8 19. a4 Ne6 20. a5 bxa5 21. Rxa5 h5 22. Rca1 g5 23. Nd5 Nxd5 24. cxd5 Nc7 25. e4 Rf8 26. Nc4 Rcd8 27. Qg3 f6 28. Qf3 h4 29.
Ne3 Bc8 30. Bc3 Nb5 31. Bxb5 axb5 32. Nf5 Bxf5 33. Qxf5 Qc8 34. Bd2 Qxf5 35. exf5 Rb8 36. Be3 Rf7 37. Ra6 Bf8 38. Rc6 Rfb7 39. Raa6 Kf7 40.
Kf1 Ke8 41. Ke2 Kd7 42. Kf3 Rc7 43. Kg4 Rxc6 44. Rxc6 Be7 45. Rb6 Rc8 46. Rxb5 Rc3 47. Kh5 Rd3 48. Kg6 Bd8 49. Kf7 Rd1 50. Rb7+ Kc8 51.
Rb5 Kd7 52. Kg6 Rd3 53. Kf7 Rd1 1/2-1/2

[Event "*** Titled Tuesday Blitz"]
[Site "Chess.com"]
[Date "2020.12.01"]
[Round "6"]
[White "Alexsur1981"]
[Black "Shota_Azaladze"]
[Result "1-0"]
[WhiteElo "2830"]
[BlackElo "2643"]
[TimeControl "180+1"]
[EndTime "11:04:25 PST"]
[Termination "Alexsur1981 won by resignation"]

1. e4 g6 2. d4 Bg7 3. c4 c5 4.
d5 d6 5. Nc3 e6 6. Bd3 Ne7 7.
Nge2 h6 8. O-O e5 9. f4 exf4 10. Nxf4 Nd7 11. Be3 Ne5 12. Be2 Bd7 13. Qd2 h5 14. b3 Qa5 15. Rac1 O-O 16. h3 Rae8 17. Nd3 Kh7 18. Bg5 Ng8 19. Nxe5 Bxe5 20. g4 hxg4 21.
hxg4 f6 22. Bf4 Kg7 23. Kg2 Bxf4 24. Qxf4 Re5 25. Rh1 Rfe8 26. Rh3 g5 27. Qh2 R8e7 28. Rh8 Kf8 29. Qh6+ Rg7 30. Qxf6+ Rf7 31. Qxd6+ Ree7 32. e5 Kg7 33. Rxg8+ Kxg8 34. e6 Rg7 35. Rf1 Be8 36. Ne4 Kh7 37. Nf6+ Kh6 38. Qh2+ 1-0

[Event "*** Titled Tuesday Blitz"]
[Site "Chess.com"]
[Date "2020.12.01"]
[Round "6"]
[White "vanyakuba"]
[Black "kingofthenil"]
[Result "0-1"]
[WhiteElo "2475"]
[BlackElo "2748"]
[TimeControl "180+1"]
[EndTime "11:04:26 PST"]
[Termination "kingofthenil won on time"]

1. e4 Nc6 2. Nc3 d5 3. exd5 Nb4 4. Bc4 Nf6 5. d4 Bf5 6. Bb3 Nbxd5 7. Nf3 e6 8. h3 Be7 9. O-O O-O 10. Ne5 Nxc3 11.
bxc3 c5 12. Re1 Nd5 13. Bd2 Rc8 14. Qf3 cxd4 15. cxd4 Bxc2 16. Bxd5 Qxd5 17. Qxd5 exd5 18.
Nd7 Rfe8 19. Nc5 Bxc5 20. dxc5 d4 21. f3 h6 22. Rxe8+ Rxe8 23. Re1 Rc8 24. Re5 Bb1 25.
a3 Ba2 26. Re7 Rxc5 27. Rxb7 Rc2 28. Bf4 d3 29. Rd7 Rc3 30. a4 Bb1 31. Rxa7 Rc4 32. Be3 Rc2 33. Rd7 Ra2 34. Rd4 f6 35. h4 h5 36. Kh2 Bc2 37. Kg3 Kf7 38. Rd7+ Ke6 39. Rxg7 Rxa4 40. Rh7 Rd4 41. Rxh5 d2 42. Bxd2 Rxd2 43.
Rh8 Kf7 44. Ra8 Kg6 45. Ra2 Re2 46. Rb2 Kh5 47. Ra2 f5 48. Rb2 Kg6 49. Ra2 Kf6 50. Ra6+ Ke5 51. Ra2 f4+ 52. Kh3 Bf5+ 53. Kh2 Rxa2 0-1

[Event "*** Titled Tuesday Blitz"]
[Site "Chess.com"]
[Date "2020.12.01"]
[Round "6"]
[White "ajkom197"]
[Black "szachuspl"]
[Result "0-1"]
[WhiteElo "2327"]
[BlackElo "2487"]
[TimeControl "180+1"]
[EndTime "11:04:27 PST"]
[Termination "szachuspl won by checkmate"]

1. d4 Nf6 2. Nf3 b6 3. Bg5 Ne4 4. Bf4 Bb7 5. Nbd2 d5 6. e3 Nd7 7. Nxe4 dxe4 8. Ne5 Nxe5 9. Bxe5 e6 10. c3 f6 11. Bg3 Bd6 12. Bc4 Kf7 13. Qb3 Qe7 14. O-O h5 15. Bxd6 cxd6 16. d5 e5 17. Qc2 f5 18. f3 Qc7 19. Bb3 Qc5 20. Rae1 Ba6 21. Rf2 Bd3 22. Qd2 g6 23. Bc2 Bxc2 24. Qxc2 exf3 25. e4 f4 26. gxf3 g5 27. Kh1 g4 28. Rg1 Rag8 29. Qa4 Qxf2 30. Qd7+ Kg6 31. Qf5+ Kh6 32. Qf6+ Kh7 33. Qf7+ Kh6 34. Qf6+ Rg6 35.
Qxh8+ Kg5 36. Qd8+ Rf6 37. Qg8+ Kh4 38. Rxg4+ Kh3 39. Qg5 Qxh2# 0-1

[Event "*** Titled Tuesday Blitz"]
[Site "Chess.com"]
[Date "2020.12.01"]
[Round "6"]
[White "CoachHakia"]
[Black "akanga001"]
[Result "1-0"]
[WhiteElo "2148"]
[BlackElo "1934"]
[TimeControl "180+1"]
[EndTime "11:04:27 PST"]
[Termination "CoachHakia won by checkmate"]

1. d4 Nf6 2. Bg5 b6 3. Bxf6 gxf6 4. Nf3 Bb7 5. g3 d6 6. Bg2 Nd7 7. c4 e5 8. Nc3 Qe7 9. O-O Bg7 10. e4 O-O-O 11.
Nh4 Qe6 12. Nf5 Bf8 13. Nd5 h5 14. h4 exd4 15. Nxd4 Qe5 16. a4 a5 17. b4 axb4 18.
a5 Bxd5 19. cxd5 bxa5 20. Rxa5 Nc5 21. Bh3+ Nd7 22. Ra8+ Kb7 23. Rxd8 Bg7 24. Rxh8 Bxh8 25. Bxd7 f5 26. Bc6+ Kc8 27. Qa4 Kd8 28. Qa8+ Ke7 29. Nxf5+ Kf6 30. Qd8+ Kg6 31. Qg8+ Bg7 32. Nxg7 Qxg7 33.
Qxg7+ Kxg7 34. Rb1 b3 35. Rxb3 Kf6 36. f4 Ke7 37. Rb7 f5 38. Rxc7+ Kf6 39. e5+ dxe5 40. fxe5+ Kxe5 41. Re7+ Kd6 42. Re6+ Kc5 43. Rf6 Kd4 44. Rxf5 Ke4 45. Rxh5 Kf3 46. d6+ Kxg3 47. d7 Kg4 48. Ra5 Kxh4 49. d8=Q+ Kg4 50. Qd4+ Kg3 51. Ra3# 1-0

[Event "*** Titled Tuesday Blitz"]
[Site "Chess.com"]
[Date "2020.12.01"]
[Round "6"]
[White "Tsyhanchuk_Stanislav"]
[Black "Triumphmate"]
[Result "0-1"]
[WhiteElo "2231"]
[BlackElo "2401"]
[TimeControl "180+1"]
[EndTime "11:04:28 PST"]
[Termination "Triumphmate won on time"]

1. d4 d5 2. Nf3 e6 3. c4 Be7 4.
g3 Nf6 5. Bg2 O-O 6. O-O dxc4 7.
Qa4 c5 8. Qxc4 Nc6 9. dxc5 e5 10.
Nc3 Be6 11. Qb5 Qc7 12. Bg5 a6 13. Qb6 Qc8 14. Nxe5 Nxe5 15. Bxb7 Qxc5 16. Qxc5 Bxc5 17. Bxa8 Rxa8 18. Bxf6 gxf6 19. Rfd1 Rb8 20. b3 Ng4 21.
e3 f5 22. Na4 Bb4 23. Rac1 Ne5 24. Nb2 Ba3 25. Rc2 a5 26. Nc4 Nxc4 27. bxc4 Rc8 28. Rd3 Bb4 29. Rd4 Kg7 30. Kg2 Kf6 31. Kf3 Rc5 32. h4 h5 33. Kf4 Rc6 34. Kf3 Bc8 35. Ke2 Ba6 36. Kd3 Bd6 37. Rd5 Bb4 38. Kd4 Ke6 39.
Re5+ Kf6 40. Rd5 Bc8 41. Kd3 Be6 42. Rd4 Bc5 43. Rd8 Bb6 44. Rh8 Rd6+ 45. Ke2 Kg6 46. c5 Rc6 47. Rb8 Bxc5 48. Rxc5 Rxc5 49. Rb6 Rc2+ 0-1

[Event "*** Titled Tuesday Blitz"]
[Site "Chess.com"]
[Date "2020.12.01"]
[Round "6"]
[White "Meri-Arabidze"]
[Black "Sergey85Rodchenkov"]
[Result "1-0"]
[WhiteElo "2622"]
[BlackElo "2449"]
[TimeControl "180+1"]
[EndTime "11:04:29 PST"]
[Termination "Meri-Arabidze won by resignation"]

1. Nf3 Nf6 2. b3 b6 3. Bb2 Bb7 4. e3 e6 5. d4 d5 6. Bd3 Bd6 7. O-O O-O 8. Nbd2 c5 9. Ne5 Nc6 10.
a3 Rc8 11. Qf3 cxd4 12. exd4 Ne7 13. Rfe1 Ng6 14. Qe3 Qc7 15. f4 Rfe8 16. Rac1 a6 17. Rf1 b5 18. Rf3 Qb6 19. Rh3 Bxe5 20. fxe5 Ne4 21.
Nxe4 dxe4 22. Bxe4 Bxe4 23. Qxe4 Red8 24. c3 a5 25. Rf1 Rd7 26. Qg4 a4 27. Qh5 h6 28. b4 Rcc7 29. Bc1 Rd5 30. Kh1 Qc6 31. Bxh6 gxh6 32. Qxh6 Qc4 33. Qh7+ Kf8 34. Rhf3 Rdd7 35. Qxg6 Qe2 36. Qh6+ Ke8 37. Qh8+ 1-0

[Event "*** Titled Tuesday Blitz"]
[Site "Chess.com"]
[Date "2020.12.01"]
[Round "6"]
[White "annacramling"]
[Black "Nils_03"]
[Result "0-1"]
[WhiteElo "2115"]
[BlackElo "2265"]
[TimeControl "180+1"]
[EndTime "11:04:30 PST"]
[Termination "Nils_03 won on time"]

1. d4 d5 2. c4 e6 3. Nc3 c6 4. e3 Nf6 5. Nf3 Nbd7 6. Be2 dxc4 7. Bxc4 b5 8. Bd3 Bb7 9. e4 a6 10. e5 Nd5 11. Ng5 Be7 12. Nce4 h6 13. Qh5 g6 14. Nd6+ Bxd6 15. Bxg6 Bb4+ 16. Kf1 Qe7 17. Nxf7 Rf8 18. Nd6+ Kd8 19. Nxb7+ Kc7 20. Nd6 Bxd6 21. exd6+ Qxd6 22. Bxh6 Rf6 23. Bg7 Nf4 24. Qg4 Rxg6 25. Qf3 Rxg7 26. Rc1 Nd5 0-1

[Event "*** Titled Tuesday Blitz"]
[Site "Chess.com"]
[Date "2020.12.01"]
[Round "6"]
[White "StockholmMissile"]
[Black "yobdc"]
[Result "1-0"]
[WhiteElo "2380"]
[BlackElo "2476"]
[TimeControl "180+1"]
[EndTime "11:04:34 PST"]
[Termination "StockholmMissile won on time"]

1. d4 e6 2. Nf3 f5 3. g3 Nf6 4. Bg2 d5 5. O-O Bd6 6. c4 c6 7. b3 Qe7 8. Bf4 Bxf4 9. gxf4 Nbd7 10. Nbd2 Ne4 11. Ne5 Nxe5 12. fxe5 O-O 13. f4 Bd7 14.
Nxe4 fxe4 15. e3 Be8 16. c5 Kh8 17. b4 Qh4 18. Qe1 Qh6 19. Rb1 a6 20. a4 Bh5 21.
Rb2 g5 22. Rbf2 Rf5 23. Bh3 g4 24. Bg2 Rg8 25. Rb2 Be8 26. Qg3 Qg7 27. b5 cxb5 28.
axb5 Bxb5 29. Rfb1 Qe7 30. Bf1 Bc6 31. Rb6 Qd7 32. Qh4 g3 33. hxg3 Qe8 34. R1b2 h5 35. Rh2 Kh7 36. g4 1-0

[Event "*** Titled Tuesday Blitz"]
[Site "Chess.com"]
[Date "2020.12.01"]
[Round "6"]
[White "Azerichess"]
[Black "Matibar"]
[Result "1-0"]
[WhiteElo "2963"]
[BlackElo "2753"]
[TimeControl "180+1"]
[EndTime "11:04:35 PST"]
[Termination "Azerichess won by resignation"]

1. d4 d5 2. c4 e6 3. Nc3 Nf6 4. cxd5 exd5 5. Bg5 Be6 6. e3 Nbd7 7.
Bd3 h6 8. Bh4 c5 9. Nge2 Bd6 10.
dxc5 Nxc5 11. Bb5+ Kf8 12. Nd4 Be7 13. O-O Nfe4 14.
Bxe7+ Qxe7 15. Rc1 Nxc3 16. Rxc3 Ne4 17. Rc2 Nf6 18. Qc1 a6 19. Bd3 Ne8 20. Re1 Rd8 21. Qd2 h5 22. Qa5 Rh6 23. b4 h4 24. h3 g5 25. Bf5 Rf6 26. Bxe6 fxe6 27. e4 dxe4 28.
Rxe4 Rd5 29. Rc5 Rxc5 30. bxc5 Ng7 31. c6 bxc6 32. Qxg5 c5 33. Nf3 Rf5 34. Qh6 Rd5 35.
Ne5 Ke8 36. Qg6+ Kf8 37. Rf4+ Nf5 38. Qh6+ Ke8 39. Qh5+ Kd8 40. Nc6+ 1-0

[Event "*** Titled Tuesday Blitz"]
[Site "Chess.com"]
[Date "2020.12.01"]
[Round "6"]
[White "MaxLeto"]
[Black "Gusarov91"]
[Result "0-1"]
[WhiteElo "2372"]
[BlackElo "2636"]
[TimeControl "180+1"]
[EndTime "11:04:37 PST"]
[Termination "Gusarov91 won by checkmate"]

1. g4 c6 2. Bg2 d5 3. g5 e5 4. d4 e4 5. c4 Be6 6. Nc3 Ne7 7. h4 h6 8. Qb3 Qb6 9. c5 Qxb3 10. axb3 a6 11.
b4 hxg5 12. hxg5 Rxh1 13. Bxh1 Nf5 14. e3 Be7 15. f4 f6 16. gxf6 Bxf6 17. Bg2 Nd7 18.
b5 cxb5 19. Nxb5 O-O-O 20. Nc3 Rh8 21. Bd2 Rh2 22. Bh3 Bh4+ 23. Kd1 Rh1 24. Kc2 Nxe3+ 25. Bxe3 Bxh3 26. Nxd5 Rh2+ 27. Kc3 Be6 28. Nb4 Bf6 29. Nc2 Nxc5 30. b4 Nd7 31. b5 axb5 32. Ra8+ Kc7 33. Nb4 Nb6 34. Rf8 Na4# 0-1